 Dungeon Crawl Stone Soup version 0.27.1-35-g4d5d836560 (webtiles) character file.

Game seed: 1285458212608595485

28 unlimited1921 the Firebug (level 3, -1/33 HPs)
             Began as an Ogre Fire Elementalist on May 2, 2022.
             Slain by Terence (8 damage)
             ... on level 1 of the Dungeon.
             The game lasted 00:08:55 (2541 turns).

unlimited1921 the Firebug (Ogre Fire Elementalist)  Turns: 2541, Time: 00:08:56

Health: -1/33      AC:  3    Str: 12    XL:     3   Next: 14%
Magic:  0/7        EV: 10    Int: 17    God:
Gold:   0          SH:  0    Dex: 15    Spells: 6/7 levels left

rFire    . . .     SeeInvis .   b - +0 dagger
rCold    . . .     Faith    .   (no shield)
rNeg     . . .     Spirit   .   a - +0 robe
rPois    .         Reflect  .   (helmet restricted)
rElec    .         Harm     .   (no cloak)
rCorr    .         Rampage  .   (gloves unavailable)
Will     +....                  (boots unavailable)
Stlth    ++........             (no amulet)
HPRegen  0.11/turn              f - +6 ring of dexterity
MPRegen  0.10/turn              h - ring of willpower

@: no status effects
A: large, unfitting armour, tough skin 1
a: no special abilities


You were on level 1 of the Dungeon.
You visited 1 branch of the dungeon, and saw 2 of its levels.

Inventory:

Hand Weapons
 b - a +0 dagger (weapon)
 e - a +0 whip
Missiles
 c - 43 stones
 g - 4 sling bullets
Armour
 a - a +0 robe (worn)
Jewellery
 f - a +6 ring of dexterity (left hand)
 h - a ring of willpower (right hand)
Scrolls
 j - a scroll of noise {unknown}
Potions
 d - a potion of degeneration {unknown}
 i - a potion of might {unknown}


   Skills:
 * Level 1.3 Fighting
 + Level 2.0 Dodging
 + Level 1.5 Stealth
 + Level 2.9 Spellcasting
 + Level 1.0 Conjurations
 + Level 3.1 Fire Magic


You had 6 spell levels left.
You knew the following spells:

 Your Spells              Type           Power      Damage    Failure   Level
a - Foxfire               Conj/Fire      36%        2x1d5     8%          1

Your spell library contained the following spells:

 Spells                   Type           Power      Damage    Failure   Level
 Conjure Flame            Conj/Fire      9%         6-21      22%         3
 Inner Flame              Hex/Fire       7%         N/A       28%         3
 Sticky Flame             Conj/Fire      9%         2d3       58%         4
 Fireball                 Conj/Fire      4%         3d4       91%         5


Dungeon Overview and Level Annotations

Branches:
Dungeon (2/15)

Altars:

Annotations:
D:1 Terence


Innate Abilities, Weirdness & Mutations

You are too large for most types of armour.
You have tough skin. (AC +1)


Message History

The foxfire hits Terence.
Terence is heavily wounded.
The foxfire hits Terence but does no damage.
Terence is heavily wounded.
Casting: Foxfire (safe; 8% risk of failure)
Confirm with . or Enter, or press ? or * to list all spells.
You conjure some foxfire!
Terence hits you with a +0 short sword.
Your foxfire dissipates!
The foxfire hits Terence.
Terence is severely wounded.
Terence hits you with a +0 short sword.
* * * LOW HITPOINT WARNING * * *
There is a stone staircase leading down here.
Casting: Foxfire (safe; 8% risk of failure)
Confirm with . or Enter, or press ? or * to list all spells.
You conjure some foxfire!
Terence closely misses you.
The foxfire hits Terence but does no damage.
Terence is severely wounded.
The foxfire hits Terence but does no damage.
Terence is severely wounded.
Casting: Foxfire (safe; 8% risk of failure)
Confirm with . or Enter, or press ? or * to list all spells.
You conjure some foxfire!
Terence hits you with a +0 short sword.
The foxfire hits Terence but does no damage.
Terence is severely wounded.
The foxfire hits Terence but does no damage.
Terence is severely wounded.
Casting: Foxfire (safe; 8% risk of failure)
Confirm with . or Enter, or press ? or * to list all spells.
You conjure some foxfire!
Terence hits you with a +0 short sword.
* * * LOW HITPOINT WARNING * * *
The foxfire hits Terence but does no damage.
Terence is severely wounded.
The foxfire hits Terence but does no damage.
Terence is severely wounded.
You see here a +0 club.
Casting: Foxfire (safe; 8% risk of failure)
Confirm with . or Enter, or press ? or * to list all spells.
You conjure some foxfire!
Terence hits you with a +0 short sword!
You die...

#.# #.# #.#
#.########.# #.#
#########..........#
#.#
#............#####.#
#.# #.##########.# #>#
#.# #.# ##.## #.# #.#
#.#########...## #.#
#.#
#.......##.vv..###.#
#.#
#.####.....@@...##.#
#.## #.#
#.#####.......# #.).
#.####....).....#.##
####
#........###...##.#
#..###...# #..###.#
#......#####.######
#.>###.......# #_#
#####..# #..#.##.# #^#
.......###.......###.##


You could see Terence (ally target).

Vanquished Creatures
  4 bats
  2 endoplasms (D:1)
  A giant cockroach (D:1)
  3 goblins (D:1)
  3 hobgoblins (D:1)
  4 jackals (D:1)
  3 quokkas (D:1)
  A ball python (D:1)
  A frilled lizard (D:1)
22 creatures vanquished.

Vanquished Creatures (others)
  105 foxfires
105 creatures vanquished.

Grand Total: 127 creatures vanquished

Notes
Turn   | Place    | Note
-------+----------+-------------------------------------------
     0 | D:1      | unlimited1921 the Ogre Fire Elementalist began the quest
                  | for the Orb.
     0 | D:1      | Reached XP level 1. HP: 16/16 MP: 3/3
   316 | D:1      | Reached skill level 3 in Fire Magic
   365 | D:1      | Reached XP level 2. HP: 24/24 MP: 1/5
   920 | D:1      | Found a faded altar of an unknown god.
  1027 | D:1      | Reached skill level 1 in Fighting
  1607 | D:1      | Reached skill level 1 in Conjurations
  1607 | D:1      | Reached XP level 3. HP: 33/33 MP: 4/7
  2133 | D:2      | Noticed Terence
  2541 | D:1      | Slain by Terence

Illustrated notes

Levels and vault maps discovered:
D:1:      kennysheep_arrival_forest, layout_loops_ring,
          hellmonk_ecumenical_altar_leap_of_faith
D:2:      layout_rooms, uniq_robin, uniq_terence

Skill      XL: |  1  2  3 |
---------------+----------+-----
Fire Magic     | 3 |  3.1
Fighting       | 1 |  1.3
Conjurations   | 1 |  1.0
Dodging        | 2 |  2.0
Stealth        | |  1.5
Spellcasting   | |  2.9

Action                   || total
-------------------------++-------
Melee: Unarmed           ||     5
       Dagger            ||    42
 Cast: Foxfire           ||    69
Armor: Robe              ||    31
Dodge: Dodged            ||    58
